 Dungeon Crawl Stone Soup version 0.24.0-125-gc4c63601f3 (webtiles) character file.

Game seed: 4144049590010119875, levelgen mode: deterministic

76 ChadusMaximus the Chopper (level 4, 0/41 HPs)
             Began as a Minotaur Berserker on Feb 26, 2020.
             Was a Believer of Trog.
             Slain by a worker ant (2 damage)
             ... on level 4 of the Dungeon.
             The game lasted 00:01:34 (943 turns).

ChadusMaximus the Chopper (Minotaur Berserker)       Turns: 943, Time: 00:01:34

Health: 0/41       AC:  6    Str: 23    XL:     4   Next: 12%
Magic:  3/3        EV: 11    Int:  4    God:    Trog [**....]
Gold:   25         SH:  0    Dex:  9    Spells: 3/3 levels left

rFire    . . .     SeeInvis .   a - +0 hand axe
rCold    . . .     Gourm    .   (no shield)
rNeg     . . .     Faith    .   n - +0 ring mail
rPois    .         Spirit   .   (helmet restricted)
rElec    .         Reflect  .   e - +0 cloak
rCorr    .         Harm     +   (no gloves)
MR       ++...                  (no boots)
Stlth    ..........             m - amulet of harm
HPRegen  1.13/turn              k - ring of wizardry
MPRegen  0.08/turn              (no ring)

@: lethally poisoned (0 -> -1), berserk cooldown, starving, regenerating,
slowed, very slow
A: retaliatory headbutt, horns 2
a: Berserk, Trog's Hand, Renounce Religion


You were on level 4 of the Dungeon.
You worshipped Trog.
Trog was pleased with you.
You were starving.

You visited 1 branch of the dungeon, and saw 3 of its levels.

You collected 25 gold pieces.

Inventory:

Hand Weapons
 a - a +0 hand axe (weapon)
Armour
 b - a +0 animal skin
 d - a +0 leather armour
 e - a +0 cloak (worn)
 n - a +0 ring mail (worn)
Jewellery
 k - a ring of wizardry (left hand)
 m - an amulet of harm (around neck)
Scrolls
 f - a scroll of amnesia {unknown}
 g - a scroll of identify {unknown}
 l - a scroll of magic mapping {unknown}
Potions
 h - 2 potions of heal wounds {unknown}
 i - a potion of resistance {unknown}
 j - a potion of might {unknown}
Comestibles
 c - 2 rations


   Skills:
 + Level 4.4 Fighting
 + Level 4.9 Axes
 + Level 2.9 Armour
 + Level 2.6 Dodging


You had 3 spell levels left.
You didn't know any spells.
Your spell library was empty.

Dungeon Overview and Level Annotations

Branches:
Dungeon (2/15)

Altars:


Innate Abilities, Weirdness & Mutations

You reflexively headbutt those who attack you in melee.
You have a pair of horns on your head.


Message History

Things that are here:
a +0 flail; a +0 dagger You feel sick.
Things that are here:
a +0 hand axe; an orc corpse You feel sick.
The worker ant barely misses you.
You hit the worker ant but do no damage.
You feel sick. The worker ant closely misses you. You furiously retaliate!
You headbutt the worker ant, but do no damage.
The worker ant barely misses you.
You hit the worker ant. You headbutt the worker ant.
The worker ant is heavily wounded.
You feel sick. The worker ant bites you.
* * * LOW HITPOINT WARNING * * *
You are more poisoned.
The worker ant poisons you!
The worker ant bites you but does no damage.
* * * LOW HITPOINT WARNING * * *
You feel sick. The worker ant bites you.
You die...

####
##..###
##.##..###
##.####...#
#.## #...#
#.# ##@.##
#.####a.##
##.##).##
#..))##
##...##
#.)..#
#.......#
##.......#
#.........#


You could see a worker ant.

Vanquished Creatures
  An orc wizard (D:4)
  2 oozes (D:1)
  A dart slug (D:1)
  A leopard gecko (D:1)
  4 orcs (D:4)
  4 bats (D:1)
  A giant cockroach (D:1)
  5 goblins (D:1)
  4 hobgoblins (D:1)
  A frilled lizard (D:1)
  A jackal skeleton (D:4)
  7 kobolds (D:1)
  4 rats (D:1)
36 creatures vanquished.

Notes
Turn   | Place    | Note
-------+----------+-------------------------------------------
     0 | D:1      | ChadusMaximus the Minotaur Berserker began the quest for
                  | the Orb.
     0 | D:1      | Reached XP level 1. HP: 19/19 MP: 0/0
    10 | D:1      | Reached XP level 2. HP: 20/27 MP: 1/1
   477 | D:1      | Reached XP level 3. HP: 23/33 MP: 2/2
   616 | D:1      | Reached ** piety under Trog
   910 | D:2      | You fall into a shaft and drop 2 floors!
   934 | D:4      | Reached XP level 4. HP: 14/41 MP: 3/3
   942 | D:4      | HP: 2/41 [worker ant (7)]
   943 | D:4      | Slain by a worker ant

Levels and vault maps discovered:
D:1:      giann_horns, layout_loops_ring
D:2:      layout_loops_ring, uniq_robin, uniq_terence
D:4:      layout_layer_cave, uniq_pikel, uniq_menkaure

Skill      XL: |  1  2 |
---------------+-------+-----
Fighting       | 4 |  4.4
Axes           | 4 |  4.9
Armour         | |  2.9
Dodging        | |  2.6

Action                   |  1- 3 |  4- 6 || total
-------------------------+-------+-------++-------
Melee: Hand axe          |    73 |     2 ||    75
       Headbutt          |    14 |     1 ||    15
Invok: Berserk           |     2 |       ||     2
       Trog's Hand       |       |     1 ||     1
Armor: Leather armour    |    22 |       ||    22
       Animal skin       |     1 |       ||     1
       Ring mail         |     2 |     1 ||     3
Dodge: Dodged            |    33 |     3 ||    36
